 Dungeon Crawl Stone Soup version 0.21-a0-442-g848f44b (webtiles) character file.

160719 4thArraOfDagon the Earth Mage (level 18, -1/131 HPs)
             Began as a Human Earth Elementalist on Nov 16, 2017.
             Was a High Priest of Ashenzari.
             Succumbed to an emperor scorpion's poison
             ... on level 1 of the Spider Nest.
             The game lasted 02:31:13 (19613 turns).

4thArraOfDagon the Earth Mage (HuEE)               Turns: 19613, Time: 02:31:14

Health: -1/131     AC: 12    Str: 10    XL:     18   Next: 40%
Magic:  34/35      EV: 18    Int: 28    God:    Ashenzari [*****.]
Gold:   1594       SH:  0    Dex: 21    Spells: 17/43 levels left

rFire    + + .     SeeInvis +   l - +8 double sword (elec)
rCold    . . .     Gourm    .   (no shield)
rNeg     + . .     Faith    .   c - +4 troll leather armour
rPois    +         Spirit   .   h - -2 hat of the Alchemist {rElec rPois rF+ rC+ rN+ MR+ rMut rCorr} (curse)
rElec    +         Reflect  .   w - scarf {repulsion}
rCorr    +         Harm     .   S - +2 pair of gloves
rMut     +         Clarity  +   x - +2 pair of boots {Stlth+}
MR       +++..                  i - amulet of regeneration
Stlth    +++.......             n - ring "Itwa" {Fire Int+2 Dex+7}
HPRegen  1.11/turn              t - ring "Bagits" {*Drain MR+ Int+4 SInv}
MPRegen  0.24/turn

@: lethally poisoned (-1 -> -23), very slightly contaminated, repel missiles
A: no striking features
a: Curse Item, Scrying, Transfer Knowledge, Renounce Religion


You were on level 1 of the Spider Nest.
You worshipped Ashenzari.
Ashenzari was extremely pleased with you.
You were not hungry.

You visited 5 branches of the dungeon, and saw 27 of its levels.
You also visited: Bailey, Ice Cave and Volcano.

You collected 2796 gold pieces.
You spent 1202 gold pieces at shops.

Inventory:

Hand Weapons
 g - the +5 long sword of Liram {holy, rF+ rC+ rN++ Stlth-}
   (You found it on level 2 of the Elven Halls)

   It has been blessed by the Shining One to cause great damage to the undead
   and demons.
   It protects you from fire.
   It protects you from cold.
   It greatly protects you from negative energy.
   It makes you less stealthy.
 l - a +8 double sword of electrocution (weapon)
 G - a +0 blowgun
 U - a +3 scimitar of flaming
Missiles
 b - 118 stones (quivered)
 F - 15 curare-tipped needles
 I - 3 throwing nets
Armour
 c - a +4 troll leather armour (worn)
 h - the cursed -2 hat of the Alchemist (worn) {rElec rPois rF+ rC+ rN+ MR+ rMut rCorr}
   (You bought it in a shop on level 2 of the Orcish Mines)

   It protects you from fire.
   It protects you from cold.
   It insulates you from electricity.
   It protects you from poison.
   It protects you from negative energy.
   It affects your resistance to hostile enchantments.
   It protects you from acid and corrosion.
   It protects you from mutation.
   It has a curse placed upon it.
 w - a scarf of repulsion (worn)
 x - a +2 pair of boots of stealth (worn)
 S - a +2 pair of gloves (worn)
Magical Staves
 f - an uncursed staff of wizardry {!a}
 p - an uncursed staff of energy {!a}
 E - an uncursed staff of earth
Jewellery
 i - an amulet of regeneration (around neck)
 n - the ring "Itwa" (left hand) {Fire Int+2 Dex+7}
   (You found it on level 6 of the Dungeon)

   [ring of fire]

   It enhances your fire magic.
   It affects your intelligence (+2).
   It affects your dexterity (+7).
   It protects you from fire.
   It makes you vulnerable to cold.
 t - the ring "Bagits" (right hand) {*Drain MR+ Int+4 SInv}
   (You took it off a deep elf mage on level 3 of the Elven Halls)

   [ring of protection from magic]

   It affects your intelligence (+4).
   It affects your resistance to hostile enchantments.
   It lets you see invisible.
   It causes draining when unequipped.
 v - an uncursed ring of positive energy
 Y - an uncursed ring of ice
Wands
 r - a wand of paralysis (10/24)
 J - a wand of digging (9/24)
 Q - a wand of clouds (3/9)
Scrolls
 k - a scroll of enchant armour
 q - 18 scrolls of remove curse
 u - 3 scrolls of immolation
 A - 2 scrolls of identify
 D - 4 scrolls of teleportation
 H - a scroll of blinking
 L - 5 scrolls of amnesia
 N - 4 scrolls of fog
 P - 2 scrolls of magic mapping
 V - 3 scrolls of holy word
Potions
 a - 3 potions of brilliance
 j - 4 potions of resistance
 y - a potion of lignification
 z - 3 potions of haste
 M - a potion of berserk rage
 R - 2 potions of agility
 T - 4 potions of curing
 W - a potion of mutation
 X - 6 potions of might
 Z - 2 potions of flight
Books
 s - a book of Battle

   Spells                             Type                      Level
   a - Infusion                       Charms                       1
   b - Shroud of Golubria             Charms/Translocation         2
   c - Song of Slaying                Charms                       2
   d - Spectral Weapon                Hexes/Charms                 3
   e - Regeneration                   Charms/Necromancy            3
Miscellaneous
 e - a lightning rod (4/4)
 m - a phantom mirror
 B - a sack of spiders
 C - a box of beasts
 K - a crystal ball of energy
Comestibles
 d - 6 bread rations
 o - 14 meat rations


   Skills:
 + Level 8.9 Fighting
 * Level 6.2 Long Blades
 - Level 8.2 Dodging
 - Level 2.0 Stealth
 - Level 13.2 Spellcasting
 * Level 0.9 Charms
 * Level 0.9 Necromancy
 - Level 1.0 Transmutations
 - Level 20.8 Earth Magic
 - Level 11.1 Evocations


You had 17 spell levels left.
You knew the following spells:

 Your Spells              Type           Power        Failure   Level  Hunger
a - Sandblast             Erth           ######       0%          1    None
b - Passwall              Tmut/Erth      ######....   1%          2    None
c - Lee's Rapid Deconstr  Erth           #######...   1%          5    ##.....
d - Stone Arrow           Conj/Erth      ######       1%          3    None
e - Regeneration          Chrm/Necr      ###.......   8%          3    None
f - Blink                 Tloc           N/A          6%          2    None
g - Passage of Golubria   Tloc           N/A          36%         4    None
h - Lesser Beckoning      Tloc           ###.......   12%         3    None
i - Spectral Weapon       Hex/Chrm       ###.....     10%         3    None


Dungeon Overview and Level Annotations

Branches:
Dungeon (15/15)              Lair (6/6) D:9           Swamp (0/4) Lair:2
 Spider (1/4) Lair:4        Slime (0/5) Lair:5          Orc (2/2) D:9
    Elf (3/3) Orc:2
 Temple: D:4-7       Vaults: D:13-14     Depths: D:15

Altars:
Ashenzari
Dithmenos
Elyvilon
Kikubaaqudgha
Makhleb
Nemelex Xobeh
Trog
Jiyva

Shops:
D:5 [   Orc:2 }[[:   Elf:1 =}}   Elf:3 %

Annotations:
D:6 Edmund
D:10 exclusion: downstairs
D:11 Nergalle
Lair:6 exclusion: 2 oklob plants
Orc:2 Donald


Message History

* * * LOW HITPOINT WARNING * * *
You feel very sick.
Unknown command.
Okay, then.
Okay, then.
As you read the scroll of fear, it crumbles to dust.
You assume a fearsome visage.
Your spectral weapon is unaffected.
The emperor scorpion resists with some effort.
* * * LOW HITPOINT WARNING * * *
You feel very sick. The emperor scorpion barely misses you.
The emperor scorpion claws you!
* * * LOW HITPOINT WARNING * * *
The emperor scorpion claws you but does no damage.
Unknown command.
Blink to where?
Press: ? - help, Dir - move target cursor, p - emperor scorpion You are very lightly contaminated with residual magic.
As you read the scroll of blinking, it crumbles to dust.
You die...

#################################
..............^^.......§s...#.##.
≈.......................(........
≈.^.............@#..####..##^#...
≈................#### ########..
≈..............### ###
≈≈...............##
.≈≈.?.............#
..≈..........≈.≈..##
s.≈≈≈...≈≈≈≈≈≈≈≈...#
....≈≈..≈..≈≈.≈≈≈..#####
.s...≈≈≈≈......≈≈..##..#


There were no monsters in sight!

Vanquished Creatures
  3 deep elf master archers (Elf:3)
  4 deep elf blademasters (Elf:3)
  9 deep elf sorcerers
  An orc warlord (D:9)
  3 deep elf elementalists (Elf:3)
  The ghost of 4thArraOfDagon the Black Belt, a journeyman DsAK of Lugonu (Elf:3)
  4 deep elf demonologists
  A red draconian (Volcano)
  5 deep elf annihilators (Elf:3)
  Azrael (Orc:1)
  7 deep elf death magi
  Josephine (D:10)
  A fire dragon (Lair:6)
  4 deep elf high priests (Elf:3)
  An ice dragon (Lair:6)
  Fannar (D:9)
  7 hydras
  The ghost of p0werm0de the Cleaver, a novice FoCK of Xom (Bailey)
  A catoblepas (Lair:6)
  9 two-headed ogres
  Erica (D:11)
  An ogre mage (Volcano)
  12 dancing weapons
  Sonja (Lair:3)
  5 orc high priests
  9 deep elf knights
  4 skeletal warriors
  10 deep elf archers
  A swamp dragon (Lair:6)
  A wizard (D:14)
  An ironbrand convoker (Elf:2)
  Pikel (D:7)
  4 orc knights
  3 lindwurms
  35 deep elf magi
  3 wolf spiders (Spider:1)
  A manticore (D:11)
  2 orc sorcerers (Orc:2)
  2 cyclopes (D:12)
  A black mamba (Lair:4)
  5 elephants (Lair:2)
  Psyche (D:9)
  4 torpor snails (Lair:6)
  A molten gargoyle (Volcano)
  9 spiny frogs
  A gargoyle (D:10)
  6 komodo dragons
  A kobold demonologist (D:12)
  An efreet (D:14)
  A freezing wraith (D:12)
  3 rime drakes
  5 trolls
  A jumping spider (Spider:1)
  A merfolk (D:9)
  6 polar bears
  A harpy skeleton (D:14)
  3 tyrant leeches (Lair:6)
  5 hornets
  14 blink frogs
  3 saltlings (Elf:2)
  A small abomination (Elf:3)
  A snapping turtle (D:12)
  6 hippogriffs
  4 flying skulls (D:10)
  5 air elementals
  2 shadows
  A vampire (D:14)
  The ghost of Soeti the Magician, an amateur DEFE (D:3)
  8 redbacks
  5 water elementals
  A tarantella (Spider:1)
  3 wyverns
  50 yaks
  5 fire bats (Volcano)
  6 wraiths
  3 basilisks
  7 fire elementals
  3 steam dragons (Lair:6)
  3 wargs (Orc:1)
  3 hell hounds
  11 water moccasins
  3 swamp drakes
  12 porcupines
  5 black bears
  31 orc warriors
  10 ice beasts
  7 ogres
  A phantom (D:13)
  A sky beast (D:9)
  15 crocodiles
  7 centaurs
  Blork the orc (D:6)
  4 big kobolds
  16 bullfrogs
  4 earth elementals
  A wyvern zombie (D:12)
  5 scorpions
  2 water moccasin skeletons
  7 killer bees
  2 wights (D:10)
  6 electric eels
  6 lava snakes (Volcano)
  6 centaur zombies
  9 hounds
  14 crimson imps
  32 orc priests
  A bullfrog zombie (D:10)
  4 bullfrog skeletons
  5 centaur skeletons
  Jessica (D:2)
  4 iguanas
  33 orc wizards
  8 worker ants
  3 hound skeletons (D:10)
  2 hound zombies (D:10)
  A howler monkey zombie (D:10)
  2 worker ant zombies (D:10)
  A howler monkey skeleton (D:4)
  9 gnolls
  6 adders
  6 shadow imps
  A white imp (D:9)
  3 oozes
  4 worms
  3 dart slugs
  4 leopard geckos
  93 orcs
  2 giant cockroaches
  15 goblins
  13 hobgoblins
  23 jackals
  7 quokkas
  12 bats
  6 frilled lizards
  48 kobolds
  A leopard gecko zombie (D:6)
  A rat (D:3)
  2 crawling corpses (Elf:3)
  3 fungi
  A plant (Lair:3)
899 creatures vanquished.

Vanquished Creatures (collateral kills)
  A catoblepas (Lair:6)
  A spiny frog (Lair:6)
  A torpor snail (Lair:6)
  2 blink frogs (Lair:6)
  A crocodile (Lair:6)
6 creatures vanquished.

Vanquished Creatures (others)
  A hornet (Lair:6)
  A blink frog (Lair:6)
  An orc (D:9)
  4 bushes
  14 fungi
  66 plants
87 creatures vanquished.

Grand Total: 992 creatures vanquished

Notes
Turn   | Place    | Note
-------+----------+-------------------------------------------
     0 | D:1      | 4thArraOfDagon the Human Earth Elementalist began the quest for the Orb.
     0 | D:1      | Reached XP level 1. HP: 13/13 MP: 3/3
    64 | D:2      | magipi: by the way, you haven't won with a spriggan yet?
    66 | D:2      | Reached XP level 2. HP: 8/19 MP: 0/5
   187 | D:3      | Mulzaro: He has a secret deal with Yermak to leave spriggans alone :o)
   222 | D:3      | Reached skill level 4 in Earth Magic
   222 | D:3      | Reached XP level 3. HP: 20/24 MP: 3/6
   303 | D:4      | Noticed a black bear
   307 | D:4      | magipi: :D
   358 | D:4      | Found a bloodstained altar of Trog.
   383 | D:5      | Entered Level 5 of the Dungeon
   436 | D:4      | Noticed an ogre
   456 | D:5      | Learned a level 2 spell: Passwall
   486 | D:6      | Mulzaro: This diving
   501 | D:6      | Mulzaro: absolute madman
   542 | D:6      | Reached XP level 4. HP: 27/30 MP: 1/7
   554 | D:6      | Noticed a bullfrog
   570 | D:6      | Killed a bullfrog
   570 | D:6      | Reached skill level 5 in Earth Magic
   570 | D:6      | Reached XP level 5. HP: 16/35 MP: 1/8
   591 | D:6      | Learned a level 5 spell: Lee's Rapid Deconstruction
   596 | D:6      | Noticed a bullfrog
   597 | D:6      | Mulzaro: Good thing sandblast is op af
   609 | D:6      | Killed a bullfrog
   609 | D:6      | Reached skill level 6 in Earth Magic
   639 | D:6      | Noticed Blork the orc
   715 | D:6      | Noticed Edmund
   743 | D:7      | Reached XP level 6. HP: 41/41 MP: 0/9
   829 | D:7      | Reached skill level 7 in Earth Magic
   857 | D:7      | Reached XP level 7. HP: 16/46 MP: 0/10
   990 | D:7      | Found a burning altar of Makhleb.
  1052 | D:6      | Reached skill level 8 in Earth Magic
  1135 | D:6      | Reached XP level 8. HP: 41/52 MP: 9/12
  1153 | D:6      | Got a clouded golden ring
  1154 | D:6      | Identified the ring "Itwa" {Fire Int+2 Dex+7} (You found it on level 6 of the Dungeon)
  1183 | D:6      | Found a shadowy altar of Dithmenos.
  1189 | D:6      | Found a shattered altar of Ashenzari.
  1190 | D:6      | Found a sparkling altar of Nemelex Xobeh.
  1197 | D:6      | Became a worshipper of Ashenzari the Shackled
  1282 | D:6      | Learned a level 3 spell: Stone Arrow
  1375 | D:6      | Killed Blork the orc
  1375 | D:6      | Reached skill level 9 in Earth Magic
  1538 | D:5      | Found Tihouz's Antique Armour Shop.
  1546 | D:5      | magipi: shouldnt you use the broad axe instead of the shitty short sword?
  1546 | D:5      | Bought a translucent leather armour for 112 gold pieces
  1546 | D:5      | Identified the cursed +1 leather armour "Wuin" {*Contam rC+ Dex+3} (You bought it in a shop on level 5 of the Dungeon)
  1677 | D:5      | p0werm0de: this time no GL man!!
  1812 | D:4      | Mulzaro: Over 10 aut strikes with 3 AC can fuck you up pretty easily. Need some weapon skill to use broad axe imo
  1952 | D:4      | Reached skill level 10 in Earth Magic
  1952 | D:4      | Reached XP level 9. HP: 57/57 MP: 12/15
  2187 | D:3      | Noticed Soeti's ghost (amateur DEFE)
  2203 | D:3      | Killed Soeti's ghost
  2267 | D:3      | Found a white marble altar of Elyvilon.
  2340 | D:2      | Noticed Jessica
  2355 | D:2      | Killed Jessica
  2602 | D:2      | Found an ancient bone altar of Kikubaaqudgha.
  2636 | D:2      | Reached skill level 5 in Spellcasting
  2820 | D:3      | Tux: anes
  3068 | D:5      | Bought a steaming leather armour for 112 gold pieces
  3316 | D:7      | Reached * piety under Ashenzari
  3346 | D:7      | Noticed Pikel
  3372 | D:7      | Killed Pikel
  3372 | D:7      | Reached skill level 11 in Earth Magic
  3703 | D:9      | Found a flagged portal.
  3726 | D:9      | Reached XP level 10. HP: 54/63 MP: 17/19
  3735 | Bailey   | Entered a bailey
  3748 | Bailey   | Noticed an orc knight
  3753 | Bailey   | Noticed p0werm0de's ghost (novice FoCK)
  3755 | Bailey   | 4thArraOfDagon: ohhh
  3755 | Bailey   | magipi: ugh
  3755 | Bailey   | 4thArraOfDagon: !lg powermode fock -log
  3755 | Bailey   | beem: No games for powermode (fock).
  3755 | Bailey   | 4thArraOfDagon: !lg p0wermode fock -log
  3755 | Bailey   | beem: No games for p0wermode (fock).
  3755 | Bailey   | 4thArraOfDagon: !lg P0werm0de fock -log
  3755 | Bailey   | beem: 148. p0werm0de, XL10 FoCK, T:6178: http://crawl.xtahua.com/crawl/morgue/p0werm0de/morgue-p0werm0de-20171115-140439.txt
  3755 | Bailey   | p0werm0de: D;
  3755 | Bailey   | 4thArraOfDagon: so much hp!
  3755 | Bailey   | 4thArraOfDagon: wow
  3761 | Bailey   | p0werm0de: bad wpn tho
  3774 | Bailey   | p0werm0de: swapped to reach over
  3781 | Bailey   | Noticed an orc knight
  3877 | Bailey   | Killed an orc knight
  3877 | Bailey   | Reached skill level 12 in Earth Magic
  3946 | Bailey   | Killed p0werm0de's ghost
  4065 | Bailey   | Killed an orc knight
  4174 | D:9      | magipi: puny loot
  4364 | D:9      | Found a staircase to the Lair.
  4430 | D:9      | Noticed a two-headed ogre
  4434 | D:9      | Reached skill level 13 in Earth Magic
  4464 | D:9      | Killed a two-headed ogre
  4464 | D:9      | Reached XP level 11. HP: 68/68 MP: 5/22
  4499 | D:9      | Noticed Psyche
  4526 | D:9      | Killed Psyche
  4686 | D:9      | Found a staircase to the Orcish Mines.
  4790 | D:10     | Entered Level 10 of the Dungeon
  4800 | D:10     | Noticed Fannar
  4959 | D:9      | Killed Fannar
  4959 | D:9      | Reached skill level 14 in Earth Magic
  5373 | D:11     | Noticed a death knight
  5373 | D:11     | Noticed a phantasmal warrior
  5538 | D:10     | Noticed Josephine
  5544 | D:10     | Killed Josephine
  5645 | D:10     | Noticed a skeletal warrior
  5660 | D:10     | Killed a skeletal warrior
  5689 | D:10     | Reached skill level 15 in Earth Magic
  5689 | D:10     | Reached XP level 12. HP: 31/74 MP: 1/25
  6044 | D:11     | Noticed an eight-headed hydra
  6061 | D:11     | Noticed Erica
  6084 | D:11     | Killed Erica
  6224 | D:12     | Reached ** piety under Ashenzari
  6329 | D:12     | Noticed a two-headed ogre
  6330 | D:12     | Noticed a skeletal warrior
  6349 | D:12     | Killed a two-headed ogre
  6349 | D:12     | Reached skill level 10 in Spellcasting
  6424 | D:12     | Reached skill level 16 in Earth Magic
  6708 | D:13     | Found a sparkling altar of Nemelex Xobeh.
  6842 | D:13     | Noticed a two-headed ogre
  6845 | D:13     | Killed a two-headed ogre
  6887 | D:14     | Reached XP level 13. HP: 79/79 MP: 6/27
  6939 | D:14     | Learned a level 3 spell: Regeneration
  6946 | D:15     | Entered Level 15 of the Dungeon
  6965 | D:14     | Found a sparkling altar of Nemelex Xobeh.
  7220 | D:15     | Noticed a centaur warrior
  7642 | D:12     | Reached skill level 17 in Earth Magic
  8120 | D:12     | Reached *** piety under Ashenzari
  8498 | D:11     | Killed an eight-headed hydra
  8535 | D:11     | Noticed Nergalle
  8725 | Orc:1    | Entered Level 1 of the Orcish Mines
  8979 | Orc:1    | Found a frozen archway.
  8989 | IceCv    | Entered an ice cave
  9114 | Orc:2    | Entered Level 2 of the Orcish Mines
  9122 | Orc:2    | Reached skill level 18 in Earth Magic
  9140 | Orc:1    | Reached XP level 14. HP: 76/85 MP: 16/29
  9146 | Orc:2    | Noticed Donald
  9147 | Orc:2    | :O
  9171 | Orc:2    | Noticed Azrael
  9191 | Orc:1    | HP: 3/85 [Azrael/damnation (34)]
  9197 | Orc:1    | Killed Azrael
  9326 | Orc:2    | Noticed an orc warlord
  9829 | Orc:2    | Found a staircase to the Elven Halls.
 10502 | Orc:1    | Thaneod: finally:)
 10640 | Orc:1    | 4thArraOfDagon: o hi
 10904 | Orc:2    | Found Jiprarui's Gadget Shop.
 10904 | Orc:2    | Found Anaom's Antique Armour Boutique.
 10905 | Orc:2    | Found Ekyxedill's Book Boutique.
 10908 | Orc:2    | Found Zexaurri's Armour Shop.
 10920 | Orc:2    | Bought the -2 hat of the Alchemist {rElec rPois rF+ rC+ rN+ MR+ rMut rCorr} for 708 gold pieces
 10920 | Orc:2    | Found the -2 hat of the Alchemist {rElec rPois rF+ rC+ rN+ MR+ rMut rCorr}
 11157 | Orc:2    | Identified a scroll of acquirement
 11157 | Orc:2    | Identified the Guide on Toxins and Orientation (You acquired it on level 2 of the Orcish Mines)
 11159 | Orc:2    | :(
 11159 | Orc:2    | 4thArraOfDagon: no shatter
 11159 | Orc:2    | 4thArraOfDagon: rip
 11294 | Lair:1   | Entered Level 1 of the Lair of Beasts
 11420 | Lair:1   | Reached skill level 1 in Evocations
 11697 | Lair:2   | Found a dark tunnel.
 11711 | Volcano  | Entered a volcano
 11871 | Volcano  | Found a burning altar of Makhleb.
 11883 | Volcano  | Reached skill level 19 in Earth Magic
 11884 | Volcano  | Noticed a red draconian
 11887 | Volcano  | Thaneod: draconian here...
 11900 | Volcano  | Killed a red draconian
 11991 | Lair:2   | Reached **** piety under Ashenzari
 12005 | Lair:2   | Found a staircase to the Swamp.
 12274 | Lair:2   | Reached XP level 15. HP: 90/90 MP: 11/31
 12470 | Lair:3   | Noticed Sonja
 12471 | Lair:3   | Killed Sonja
 12471 | Lair:3   | Reached skill level 5 in Evocations
 13710 | Lair:5   | Found a staircase to the Slime Pits.
 13711 | Lair:5   | Found a viscous altar of Jiyva.
 13739 | Lair:5   | Reached ***** piety under Ashenzari
 13782 | Lair:6   | Entered Level 6 of the Lair of Beasts
 14051 | Lair:6   | Thaneod: later can y help me with Defe?(30 sec)
 14065 | Lair:6   | 4thArraOfDagon: ye, wait
 14065 | Lair:6   | 4thArraOfDagon: few miins
 14280 | Lair:6   | Turgon: !crystalball 4thArraOfDagon
 14287 | Lair:6   | beem: 4thArraOfDagon the Earth Mage (L15 HuEE), worshipper of Ashenzari, blasted by Asterion (iron shot) on Elf:3, with 75718 points after 70503 turns and 5:04:10.
 14308 | Lair:6   | Turgon: I bet he won't go to E:3, beem
 14341 | Lair:6   | Turgon: And he won't ever need 70 k turns
 14482 | Lair:6   | p0werm0de: no he will die now
 14483 | Lair:6   | p0werm0de: !!
 14488 | Lair:6   | Turgon: I often saw him surviving with 1 or 2 HP
 14488 | Lair:6   | p0werm0de: sure
 14488 | Lair:6   | Turgon: in tomb or whereever
 14490 | Lair:6   | p0werm0de: now petrify tho
 14492 | Lair:6   | p0werm0de: or not
 14493 | Lair:6   | p0werm0de: ;D
 14502 | Lair:6   | Thaneod: tree immune
 14503 | Lair:6   | p0werm0de: true ye
 14523 | Lair:6   | p0werm0de: !lg
 14524 | Lair:6   | beem: 9510. p0werm0de the Covert (L10 FeCK of Xom), slain by a black mamba (kmap: grunt_megastairs_2) on Lair:5 on 2017-11-16 14:24:55, with 6316 points after 9403 turns and 0:30:31.
 14528 | Lair:6   | p0werm0de: and i splat like a nub
 14555 | Lair:6   | Thaneod: I saw Fu*ck of xom:P
 14719 | Lair:6   | 4thArraOfDagon: bugged display
 14857 | Lair:6   | Reached XP level 16. HP: 30/96 MP: 27/33
 14931 | Lair:6   | Found a runed door.
 14935 | Lair:6   | Turgon: Ever heard that Ash likes gear being cursed?
 14942 | Lair:6   | Reached skill level 20 in Earth Magic
 14944 | Lair:6   | Turgon: Already noticed that you have 16 (!!!!) scrolls?
 15034 | Lair:6   | p0werm0de: lets all start giving 4thArra advice
 15045 | Lair:6   | p0werm0de: he needs it
 15062 | Lair:6   | Thaneod: ^^
 15067 | Lair:6   | p0werm0de: arra your tile doesnt look cool
 15082 | Lair:6   | p0werm0de: try NELLIE
 15092 | Lair:6   | p0werm0de: is much more beautiful
 15142 | Lair:6   | pedritolo: lool the n00b trained earth to 20
 15153 | Lair:6   | p0werm0de: ye
 15168 | Lair:6   | p0werm0de: hoping to find shatter
 15178 | Lair:6   | p0werm0de: and now he didnt
 15179 | Lair:6   | p0werm0de: fail
 15203 | Lair:6   | pedritolo: that's just lame man!
 15205 | Lair:6   | p0werm0de: how can he be so illusional
 15322 | Lair:4   | p0werm0de: and btw
 15330 | Lair:3   | p0werm0de: hat of the alchemist is very bad
 15380 | D:9      | p0werm0de: it does -4 AC
 15391 | D:9      | Rhok: hahaha
 15395 | D:9      | pedritolo: yes don't you read the tavern?
 15424 | D:9      | p0werm0de: its a noob trap
 15427 | D:9      | p0werm0de: man gitgud
 15578 | Orc:2    | Thaneod: Donald!
 15580 | Orc:2    | Rhok: the duck!
 15648 | Elf:1    | Entered Level 1 of the Elven Halls
 15775 | Elf:1    | :O
 15807 | Elf:1    | Thaneod: distand wind = dissolation?
 15829 | Elf:1    | p0werm0de: yess
 15840 | Elf:1    | p0werm0de: desolation !
 15852 | Elf:1    | p0werm0de: ??desolation of salt
 15852 | Elf:1    | beem: desolation[1/1]: A portal vault added in 0.19, featuring open areas with vision blocking clouds and non-living enemies.
 15870 | Elf:1    | Rhok: always makes me salty
 15886 | Elf:1    | Thaneod: plenty of artif there
 15892 | Elf:1    | Thaneod: but open space:)
 15911 | Elf:1    | Rhok: and weird fog around
 15915 | Elf:1    | p0werm0de: with hat of the alchemist no prob man!!
 15922 | Elf:1    | Rhok: with elecdmgisbullshit thingys
 15928 | Elf:1    | p0werm0de: take all at once for big xp big items
 16065 | Elf:1    | Identified the Guide on Companions
 16129 | Elf:1    | Found Saf Lerch's Jewellery Shoppe.
 16129 | Elf:1    | Found Japnukha's Gadget Shop.
 16130 | Elf:1    | Found Hozevi Ehui's Gadget Shop.
 16138 | Elf:1    | Bought a wand of clouds (5/9) for 270 gold pieces
 16150 | Elf:1    | Identified the +6 longbow "Ilevamn" {velocity, rN+ MR+ Dex-2} (You found it on level 1 of the Elven Halls)
 16159 | Elf:1    | Noticed a deep elf sorcerer
 16160 | Elf:1    | Noticed a deep elf sorcerer
 16160 | Elf:1    | Killed a deep elf sorcerer
 16160 | Elf:1    | Reached skill level 10 in Evocations
 16162 | Elf:1    | Killed a deep elf sorcerer
 16163 | Elf:1    | Noticed a deep elf sorcerer
 16163 | Elf:1    | Noticed a deep elf sorcerer
 16164 | Elf:1    | Killed a deep elf sorcerer
 16164 | Elf:1    | Killed a deep elf sorcerer
 16537 | Elf:2    | Found a ruined gateway.
 16538 | Elf:2    | Identified the +5 long sword of Liram {holy, rF+ rC+ rN++ Stlth-} (You found it on level 2 of the Elven Halls)
 16553 | Elf:2    | Thaneod: fancy sword
 16743 | Elf:2    | Reached skill level 1 in Fighting
 16799 | Elf:2    | Reached XP level 17. HP: 91/104 MP: 9/34
 17282 | Elf:3    | Entered Level 3 of the Elven Halls
 17451 | Elf:3    | Found Wiwirchuc's Food Shop.
 17536 | Elf:3    | Turgon: !polymorph 4thArraOfDagon
 17537 | Elf:3    | beem: Turgon zaps a wand. 4thArraOfDagon evaporates and reforms as a centaur!
 17631 | Elf:3    | 4thArraOfDagon: rofl
 17723 | Elf:3    | Reached skill level 5 in Dodging
 17921 | Elf:3    | Reached skill level 5 in Fighting
 18101 | Elf:3    | Identified the ring "Bagits" {*Drain MR+ Int+4 SInv} (You took it off a deep elf mage on level 3 of the Elven Halls)
 18110 | Elf:3    | Noticed a deep elf master archer
 18119 | Elf:3    | Killed a deep elf master archer
 18124 | Elf:3    | Noticed a deep elf blademaster
 18127 | Elf:3    | Killed a deep elf blademaster
 18254 | Elf:3    | p0werm0de: https://www.youtube.com/watch?v=HNrQF8fi8Tg
 18317 | Elf:3    | Reached skill level 1 in Long Blades
 18379 | Elf:3    | Noticed a deep elf blademaster
 18387 | Elf:3    | Killed a deep elf blademaster
 18418 | Elf:3    | Reached XP level 18. HP: 126/129 MP: 29/35
 18428 | Elf:3    | Noticed a deep elf master archer
 18439 | Elf:3    | Killed a deep elf master archer
 18467 | Elf:3    | Noticed a deep elf master archer
 18478 | Elf:3    | Killed a deep elf master archer
 18528 | Elf:3    | Noticed 4thArraOfDagon's ghost (journeyman DsAK)
 18528 | Elf:3    | :O
 18535 | Elf:3    | Killed 4thArraOfDagon's ghost
 18551 | Elf:3    | magipi: wow
 18555 | Elf:3    | magipi: oneshotted a ghost?
 18587 | Elf:3    | Learned a level 2 spell: Blink
 18592 | Elf:3    | Learned a level 4 spell: Passage of Golubria
 18596 | Elf:3    | Learned a level 3 spell: Lesser Beckoning
 18607 | Elf:3    | 4thArraOfDagon: brb
 18619 | Elf:3    | Thaneod: co zrobić z tamtą bronią co mnie napieprza:>?
 18619 | Elf:3    | 4thArraOfDagon: poka
 18626 | Elf:3    | Noticed a deep elf blademaster
 18629 | Elf:3    | Killed a deep elf blademaster
 18629 | Elf:3    | Reached skill level 5 in Long Blades
 18688 | Elf:3    | Noticed a deep elf blademaster
 18690 | Elf:3    | Thaneod: dlatego do eflow chcialem, po te wszystkie ksiazki
 18692 | Elf:3    | Killed a deep elf blademaster
 19093 | Orc:2    | 4thArraOfDagon: ja mam lipe w ksiazkach :/
 19093 | Orc:2    | Thaneod: buckler of reflection czy shield lepszy?
 19093 | Orc:2    | 4thArraOfDagon: mniejsza tarcza
 19093 | Orc:2    | 4thArraOfDagon: ??augmentation
 19093 | Orc:2    | beem: augmentation[1/2]: Demonspawn mutation: gives scaling spell power and slaying (both accuracy and damage) bonuses with HP total: bonuses are equal to max(0, ceiling(mutlevel*(2*hp - maxhp)/maxhp))*(0.4*spell power and 4 slaying).The formula changed to 0.3*spell power and 3 slaying in trunk.
 19093 | Orc:2    | 4thArraOfDagon: ??augmentation[2
 19093 | Orc:2    | beem: robe of augmentation[1/1]: +4 robe that gives +4 to all stats. Pretty good.
 19229 | Lair:2   | Thaneod: ?? robe of vines
 19230 | Lair:2   | beem: robe of vines[1/2]: The +2 robe of vines {DeviceHeal--- Regen++++++}. Gives +2.4 hp/turn regen but removes device healing.
 19272 | Lair:4   | Thaneod: ?? robe of vines(2
 19273 | Lair:4   | beem: I don't have a page labeled robe_of_vines(2 in my learndb.
 19297 | Lair:4   | Found a hole to the Spider Nest.
 19312 | Lair:4   | Thaneod: warto zbierać 3k na nią?
 19317 | Spider:1 | Entered Level 1 of the Spider Nest
 19385 | Spider:1 | 4thArraOfDagon: warto
 19385 | Spider:1 | 4thArraOfDagon: ale to jak bedziesz mial lichform
 19594 | Spider:1 | Learned a level 3 spell: Spectral Weapon
 19612 | Spider:1 | HP: 2/131 [emperor scorpion (9)]
 19613 | Spider:1 | Succumbed to an emperor scorpion's poison

Vault maps used:
D:1:      lemuel_arrival_hallway, minmay_small_reverse_x
D:2:      kiku_gazebo_pond_becter, serial_bayou_pond_d, uniq_jessica
D:3:      old_standard_altar
D:4:      corexii_shantytown, lightli_temple_of_fire, first_bread,
          minmay_parallelograms, kennysheep_generic_room_13
D:5:      serial_shops, kennysheep_little_box
D:6:      minitemple, minmay_temple_entry_fiery, uniq_edmund, uniq_blork_the_orc
D:7:      demons_altar, uniq_pikel
D:9:      lair_entry_dummy, erik_orc_1, lightli_bailey_entry_fortress,
          hangedman_fish_farm, minmay_misc_feat_hallway, minmay_nine_imps,
          uniq_psyche
D:10:     hangedman_screamer, basic_altar, grunt_ministairs_10,
          columned_hall_lemuel, uniq_fannar
D:11:     minmay_tree_intersection, uniq_nergalle, uniq_erica
D:12:     wad_bat_island
D:13:     nemelex_diamond_rough_becter
D:14:     david_vaults_4, minmay_misc_feat_five, lemuel_statue_altar
D:15:     grunt_enter_depths_magical_seal, spider_trap
Lair:1:   grunt_megastairs_1
Lair:2:   swamp_mist, enter_volcano_2
Lair:3:   st_stairs_11, cheibrodos_lair_lostbears, uniq_sonja
Lair:4:   spider_nest_entry_rubble, minmay_hedge_maze,
          grunt_forest_small_clearings
Lair:5:   slime_altar_1, serial_bayou_crossing
Lair:6:   wormcave, guppyfry_lair_end_dragon, serial_forest,
          infiniplex_forest_clump_tiny, infiniplex_forest_lined_2,
          infiniplex_forest_fountain, infiniplex_forest_zigzag_1,
          infiniplex_forest_end_2, lemuel_fruit_fields,
          minmay_lair_oklob_chamber
Orc:1:    portal_ice_cave_entry_ice_beasts
Orc:2:    st_orc_mages, uniq_azrael, uniq_donald
Elf:1:    cheibrodos_wizards_tower, minmay_elf_demonology, minmay_shop_grove
Elf:2:    portal_desolation_entry_nicolae_nacl, fountainhead, spider_trap
Elf:3:    minmay_elf_hall_statues, serial_shops, shop_statue
Bailey:   bailey_axe_4, bailey
IceCv:    ice_cave_statue_garden_teleport
Volcano:  volcano_grotto

Skill      XL: |  1  2  3  4  5  6  7  8  9 10 11 12 13 14 15 16 17 18 |
---------------+-------------------------------------------------------+-----
Earth Magic    | 4 5 6 7 8 10 11 13 15 16 18 19 20 | 20.8
Spellcasting   | 4 6 7 9 10 11 12 13 | 13.2
Evocations     | 4 8 11 | 11.1
Fighting       | 1 7 8 |  8.9
Dodging        | 8 |  8.2
Long Blades    | 2 6 |  6.2
Stealth        | |  2.0
Charms         | |  0.9
Necromancy     | |  0.9
Transmutations | |  1.0

Action                   |  1- 3 |  4- 6 |  7- 9 | 10-12 | 13-15 | 16-18 || total
-------------------------+-------+-------+-------+-------+-------+-------++-------
Melee: Unarmed           |       |    20 |       |       |       |       ||    20
       Short sword       |       |    11 |   110 |       |       |       ||   121
       Broad axe         |       |       |   259 |   337 |       |       ||   596
       Scimitar          |       |       |       |    81 |   505 |     9 ||   595
       Long sword        |       |       |       |       |       |     4 ||     4
       Double sword      |       |       |       |       |       |    48 ||    48
 Fire: Blowgun           |       |       |       |       |    14 |     4 ||    18
 Cast: Sandblast         |    26 |    30 |    69 |   155 |   360 |    76 ||   716
       Lee's Rapid Decon |       |       |     6 |    45 |   146 |   218 ||   415
       Stone Arrow       |       |       |     1 |     5 |    83 |    24 ||   113
       Regeneration      |       |       |       |       |     4 |    20 ||    24
       Spectral Weapon   |       |       |       |       |       |     1 ||     1
Invok: Curse Item        |       |       |       |       |     1 |       ||     1
Evoke: Wand              |       |       |       |     8 |    26 |     3 ||    37
       Sack of spiders   |       |       |       |       |     3 |       ||     3
       Staff of energy   |       |       |       |       |    46 |   394 ||   440
       Phantom mirror    |       |       |       |       |     1 |       ||     1
  Use: Scroll            |       |     5 |     8 |     6 |    15 |    18 ||    52
       Potion            |       |     1 |     1 |     9 |     9 |     1 ||    21
 Stab: Sleeping          |       |     1 |    13 |     1 |     5 |     2 ||    22
       Distracted        |       |       |     1 |     1 |     1 |       ||     3
       Paralysed         |       |       |       |     4 |     3 |       ||     7
  Eat: Chunk             |       |     1 |     8 |     6 |    21 |     5 ||    41
       Fruit             |       |       |    11 |     5 |    14 |     6 ||    36
       Royal jelly       |       |       |     1 |     2 |     6 |     1 ||    10
       Bread ration      |       |       |       |       |     3 |     4 ||     7
Armor: Robe              |       |     6 |    58 |       |       |       ||    64
       Skin              |       |       |    30 |    11 |    18 |       ||    59
       Leather armour    |       |       |   105 |   365 |   264 |       ||   734
       Troll leather arm |       |       |       |       |    82 |    33 ||   115
Dodge: Dodged            |     4 |    38 |   394 |   458 |   613 |   118 ||  1625
       Deflected         |       |       |       |       |     2 |    10 ||    12
       Rpst.: Scimitar   |       |       |       |    23 |   187 |     1 ||   211
       Double sword      |       |       |       |       |       |     7 ||     7

Table legend:
 A = Spawn XP
 B = Non-spawn XP
 C = Spawn XP percentage of total XP
 D = Spawn monster count
 E = Non-spawn monster count
 F = Spawn count percentage of total count
 G = Total turns spent on level
                    A         B        C        D         E        F      G
               +---------+---------+-------+---------+---------+-------+---------
         Total |       0 |  229599 |   0.0 |       0 |     900 |   0.0 | 19613
               +---------+---------+-------+---------+---------+-------+---------
           D:1 |       0 |      17 |   0.0 |       0 |      10 |   0.0 |   205
           D:2 |       0 |     228 |   0.0 |       0 |      22 |   0.0 |   379
           D:3 |       0 |     281 |   0.0 |       0 |      26 |   0.0 |   436
           D:4 |       0 |     624 |   0.0 |       0 |      42 |   0.0 |   681
           D:5 |       0 |     125 |   0.0 |       0 |       4 |   0.0 |   458
           D:6 |       0 |     920 |   0.0 |       0 |      26 |   0.0 |   673
           D:7 |       0 |    1480 |   0.0 |       0 |      31 |   0.0 |   632
           D:8 |       0 |     208 |   0.0 |       0 |       5 |   0.0 |   238
           D:9 |       0 |    5943 |   0.0 |       0 |      47 |   0.0 |  1593
          D:10 |       0 |    7935 |   0.0 |       0 |      50 |   0.0 |   728
          D:11 |       0 |    3690 |   0.0 |       0 |      21 |   0.0 |   459
          D:12 |       0 |   11530 |   0.0 |       0 |      83 |   0.0 |  1232
          D:13 |       0 |    2328 |   0.0 |       0 |       9 |   0.0 |   386
          D:14 |       0 |    2661 |   0.0 |       0 |      10 |   0.0 |   378
          D:15 |       0 |    1182 |   0.0 |       0 |       4 |   0.0 |   161
        Lair:1 |       0 |    4364 |   0.0 |       0 |      19 |   0.0 |   381
        Lair:2 |       0 |    4511 |   0.0 |       0 |      15 |   0.0 |   535
        Lair:3 |       0 |    7789 |   0.0 |       0 |      34 |   0.0 |   596
        Lair:4 |       0 |    6744 |   0.0 |       0 |      22 |   0.0 |   553
        Lair:5 |       0 |    3580 |   0.0 |       0 |      14 |   0.0 |   410
        Lair:6 |       0 |   21543 |   0.0 |       0 |      69 |   0.0 |  1441
      Spider:1 |       0 |    3669 |   0.0 |       0 |      12 |   0.0 |   296
         Orc:1 |       0 |    8431 |   0.0 |       0 |      74 |   0.0 |  1389
         Orc:2 |       0 |    8670 |   0.0 |       0 |      80 |   0.0 |  1222
         Elf:1 |       0 |   28721 |   0.0 |       0 |      38 |   0.0 |  1243
         Elf:2 |       0 |   20809 |   0.0 |       0 |      36 |   0.0 |   568
         Elf:3 |       0 |   61247 |   0.0 |       0 |      50 |   0.0 |  1633
        Bailey |       0 |    2500 |   0.0 |       0 |      28 |   0.0 |   431
       Volcano |       0 |    7869 |   0.0 |       0 |      19 |   0.0 |   272
               +---------+---------+-------+---------+---------+-------+---------
